 Dungeon Crawl Stone Soup version 0.27.1 (webtiles) character file.

Game seed: 10832295804571918717

40087 sanka the Cleaver (level 13, -9/111 HPs)
             Began as a Palentonga Abyssal Knight on Aug 26, 2021.
             Was a Priest of Lugonu.
             Mangled by a sixfirhy (10 damage)
             ... on level 1 of the Abyss.
             The game lasted 00:44:19 (18357 turns).

sanka the Cleaver (Palentonga Abyssal Knight)      Turns: 18357, Time: 00:44:19

Health: -9/111     AC: 25    Str: 19    XL:     13   Next: 72%
Magic:  13/19      EV: 12    Int: 14    God:    Lugonu [***...]
Gold:   2366       SH:  0    Dex: 10    Spells: 12/12 levels left

rFire    . . .     SeeInvis +   M - +0 battleaxe
rCold    . . .     Faith    .   (shield currently unavailable)
rNeg     . . .     Spirit   .   D - +3 leather armour
rPois    +         Reflect  .   y - +0 helmet
rElec    .         Harm     .   U - +2 cloak {Will+}
rCorr    .         Rampage  .   I - +0 pair of gloves
Will     +....                  (no barding)
Stlth    +.........             g - amulet of regeneration
HPRegen  1.28/turn              u - ring of poison resistance
MPRegen  0.16/turn              B - +4 ring of protection

@: curled up
A: large, rugged brown scales 3, see invisible, deformed body, roll 1, armoured
tail, reflexive curl
a: Rolling Charge, Renounce Religion, Depart the Abyss, Bend Space, Banish


You were on level 1 of the Abyss.
You worshipped Lugonu.
Lugonu was most pleased with you.
You visited 2 branches of the dungeon, and saw 17 of its levels.
You visited the Abyss 2 times.
You also visited: Bailey.

You collected 2366 gold pieces.


Innate Abilities, Weirdness & Mutations

You are completely covered in rugged brown scales. (AC +3, +7% HP)
You have supernaturally acute eyesight. (SInv)
Armour fits poorly on your strangely shaped body.
You can roll at nearby foes to attack.
You have a long armoured tail.
You curl defensively after being hit.


   Skills:
 + Level 10.7 Fighting
 + Level 13.9 Axes
 + Level 8.9 Armour
 + Level 8.8 Dodging
 + Level 9.3 Invocations


You had 12 spell levels left.
You didn't know any spells.
Your spell library contained the following spells:

 Spells                   Type           Power      Damage    Failure   Level
 Animate Skeleton         Necr           0%         N/A       32%         1
 Apportation              Tloc           0%         N/A       32%         1
 Corona                   Hex            0%         N/A       32%         1
 Pain                     Necr           0%         1d4       32%         1
 Summon Small Mammal      Summ           0%         N/A       32%         1
 Corpse Rot               Necr/Air       N/A        N/A       45%         2
 Poisonous Vapours        Pois/Air       0%         N/A       45%         2
 Call Canine Familiar     Summ           0%         N/A       69%         3
 Gell's Gravitas          Tloc           0%         N/A       69%         3
 Lesser Beckoning         Tloc           0%         N/A       69%         3
 Portal Projectile        Hex/Tloc       0%         N/A       69%         3
 Teleport Other           Tloc           0%         N/A       69%         3
 Tukima's Dance           Hex            0%         N/A       69%         3
 Vampiric Draining        Necr           0%         2d6       69%         3
 Leda's Liquefaction      Hex/Erth       0%         N/A       97%         4
 Olgreb's Toxic Radiance  Pois           0%         N/A       97%         4
 Passage of Golubria      Tloc           N/A        N/A       97%         4
 Freezing Cloud           Conj/Ice/Air   0%         6-21      100%        5
 Yara's Violent Unravell  Hex/Tmut       0%         3d3       100%        5
 Ozocubu's Refrigeration  Ice            0%         4d5       100%        7
 Ignition                 Fire           0%         3d3       100%        8

Inventory:

Hand Weapons
 a - a +0 broad axe
 F - a +3 morningstar of freezing
 M - a +0 battleaxe (weapon)
Missiles
 v - 4 curare-tipped darts {=f}
 x - 2 throwing nets {=f}
 G - 8 silver javelins
Armour
 y - a +0 helmet (worn)
 D - a +3 leather armour (worn)
 I - a +0 pair of gloves (worn)
 U - a +2 cloak of willpower (worn)
Jewellery
 g - an amulet of regeneration (around neck)
 n - an amulet of the acrobat
 u - a ring of poison resistance (left hand)
 B - a +4 ring of protection (right hand)
Wands
 w - a wand of flame (16)
 z - a wand of digging (5)
 A - a wand of charming (17)
 H - a wand of iceblast (27)
 O - a wand of paralysis (5)
 R - a wand of acid (7)
Scrolls
 e - 3 scrolls of magic mapping
 f - 6 scrolls of teleportation {@r4}
 h - a scroll of silence {!r}
 j - a scroll of amnesia
 l - 4 scrolls of enchant armour
 q - 2 scrolls of immolation {!r}
 t - 2 scrolls of holy word
 J - 3 scrolls of enchant weapon
 N - a scroll of fog
 P - a scroll of torment {!r}
 Q - a scroll of fear
 S - a scroll of summoning
Potions
 b - a potion of mutation {unknown}
 c - 4 potions of might {unknown}
 d - a potion of magic {unknown}
 i - 3 potions of invisibility
 k - 2 potions of attraction {unknown}
 m - 3 potions of berserk rage {unknown}
 p - 3 potions of curing {@q1}
 r - 3 potions of degeneration {unknown}
 s - 3 potions of haste {unknown}
 C - 3 potions of lignification {!q}
 E - 2 potions of flight {unknown}
 K - 3 potions of heal wounds {unknown}
 L - 7 potions of cancellation {unknown}
 T - a potion of brilliance {unknown}
Miscellaneous
 o - a tin of tremorstones (2/2)

Dungeon Overview and Level Annotations

Branches:
Dungeon (11/15)            Temple (0/1) D:4            Lair (6/6) D:9
  Swamp (0/4) Lair:2        Snake (0/4) Lair:2        Slime (0/5) Lair:5
    Orc (0/2) D:9          Bailey (visited)

Altars:
Ashenzari
Fedhas
Kikubaaqudgha
Qazlal
Sif Muna
Trog
Wu Jian
Yredelemnul
Zin
Jiyva

Shops:
D:5 [

Annotations:
D:6 1 runed translucent door, exclusion: door, Crazy Yiuf
D:9 exclusion: orange crystal statue
Lair:1 exclusion: 4 oklob plants
Lair:6 Josephine
Abyss:1 MajorAdolf's ghost, journeyman NaWn

▒ ▒£ .. ▒ . ..
▒▒▒.▒ .. . ▒▒
.. ....▒ ▒.▒.
.. .▒▒▒.▒..▒ .
.▒ .▒........▒
..3.▒
..▒.▒....▒
▒..▒.▒▒......▒
[▒.3H..▒
▒..▒_▒.▒.▒.▒
... .▒....▒▒
▒▒. ..▒▒▒.▒.
.. ▒.. .....▒
▒.. ▒...▒▒ ▒ ▒
▒▒▒▒▒


You could see a sixfirhy.


Message History

* * * LOW HITPOINT WARNING * * *
The sixfirhy shocks you!
* * * LOW HITPOINT WARNING * * *
The sixfirhy barely misses you. The sixfirhy closely misses you.
The sixfirhy completely misses you.
You barely miss the sixfirhy.
The sixfirhy hits you but does no damage.
The sixfirhy hits you!
* * * LOW HITPOINT WARNING * * *
The sixfirhy shocks you!
* * * LOW HITPOINT WARNING * * *
The sixfirhy barely misses you.
Unknown command.
You miss the sixfirhy.
Unknown command.
You slice the sixfirhy!!
The sixfirhy is almost dead.
The sixfirhy hits you but does no damage.
The sixfirhy hits you.
* * * LOW HITPOINT WARNING * * *
The sixfirhy shocks you!
* * * LOW HITPOINT WARNING * * *
The sixfirhy hits you but does no damage.
The sixfirhy hits you.
* * * LOW HITPOINT WARNING * * *
The sixfirhy shocks you!
* * * LOW HITPOINT WARNING * * *
The sixfirhy hits you!
You die...

Action                   |  1- 3 |  4- 6 |  7- 9 | 10-12 | 13-15 || total
-------------------------+-------+-------+-------+-------+-------++-------
Melee: Hand axe          |   111 |    13 |       |       |       ||   124
       Tailslap          |    12 |    13 |    65 |   102 |    44 ||   236
       War axe           |       |   124 |   450 |   229 |       ||   803
       Battleaxe         |       |       |       |   657 |   297 ||   954
Throw: Dart              |       |       |       |     5 |       ||     5
Invok: Banish            |       |       |     5 |    14 |     4 ||    23
       Enter the Abyss   |       |       |       |       |     1 ||     1
 Abil: Rolling Charge    |     1 |     6 |    16 |    14 |     4 ||    41
Evoke: Wand              |       |       |       |    23 |     3 ||    26
  Use: Scroll            |       |     4 |     3 |     7 |     3 ||    17
       Potion            |       |       |     2 |     1 |     3 ||     6
Armor: Leather armour    |    47 |    50 |   240 |   648 |   236 ||  1221
Dodge: Dodged            |    64 |    84 |   265 |   664 |   223 ||  1300

Levels and vault maps discovered:
D:1:      saegor_arrival_fortress, layout_loops_corners, minmay_tromino_mix6
D:2:      layout_loops_ring, minmay_split_cup_small
D:3:      layout_loops_cross
D:4:      layout_gridville, gammafunk_temple_overflow_elements,
          mainiacjoe_overflow_cross_hatched, mainiacjoe_overflow_paths,
          minmay_temple_entry_antechambers, nrook_campfire,
          hangedman_decor_diamond_cutter, minivault_24, cheibrodos_gnoll_hut
D:5:      layout_basic, serial_shops, shop_fountains
D:6:      layout_basic, led_sif_book, lemuel_doored_altar, serial_rivers,
          chequers_serial_rivers_micro_e, chequers_serial_rivers_micro_b,
          chequers_serial_rivers_large_b, chequers_serial_rivers_large_a,
          uniq_crazy_yiuf_cottage
D:7:      minmay_inner_zag, layout_loops_ring, nicolae_yredelemnul_corpse_copse,
          grunt_ministairs_13
D:8:      layout_cave_pools
D:9:      layout_loops_ring, lair_entry_dummy, hiddenorc2_lemuel,
          minmay_protected_statue
D:10:     layout_basic, nicolae_wu_jian_wuxing_cycle, ashenzari_altar_1,
          hangedman_decor_slide_cut
D:11:     layout_basic, enter_bailey_3
Lair:1:   layout_gridlike, minmay_lair_oklob_chamber, uniq_nergalle
Lair:2:   layout_chaotic_city, nicolae_swamp_entry_splash_gauntlet,
          guppyfry_snake_entry_garden
Lair:3:   layout_loops_ring, serial_bayou_pond_d
Lair:4:   layout_small_grid, nicolae_quartered_pool_super,
          grunt_forest_small_clearing_treed
Lair:5:   layout_roguey, dpeg_slime_entry_enclosed_altar,
          ebering_ghost_funeral_grove, serial_bayou_shore_a
Lair:6:   hellmonk_lair_end_abyssal_woods, layout_misc_corridors, uniq_josephine
Abyss:1:  base: Temple, hangedman_shadowy_showcase, base: Temple, base:
D:8

Notes
Turn   | Place    | Note
-------+----------+-------------------------------------------
     0 | Abyss:1  | sanka the Palentonga Abyssal Knight began the quest for the
                  | Orb.
     0 | Abyss:1  | Reached XP level 1. HP: 19/19 MP: 2/2
    13 | D:1      | Escaped the Abyss
   385 | D:1      | Reached XP level 2. HP: 25/25 MP: 4/4
   417 | D:1      | Reached skill level 3 in Invocations
   831 | D:1      | Reached ** piety under Lugonu
   832 | D:1      | Reached XP level 3. HP: 5/31 MP: 5/5
   833 | D:1      | HP: 1/31 [kobold (5)]
  1243 | D:1      | Reached skill level 4 in Invocations
  2063 | D:2      | Reached XP level 4. HP: 36/37 MP: 7/7
  2524 | D:3      | Reached skill level 5 in Invocations
  3168 | D:3      | Reached XP level 5. HP: 14/43 MP: 9/9
  3265 | D:4      | Noticed a black bear
  3327 | D:4      | Noticed an ogre
  3328 | D:4      | Reached skill level 6 in Invocations
  3658 | D:4      | Found a bloodstained altar of Trog.
  3686 | D:4      | Found a blossoming altar of Fedhas.
  3807 | D:4      | Found a staircase to the Ecumenical Temple.
  3861 | D:4      | Found a stormy altar of Qazlal.
  3861 | D:4      | Found a glowing silver altar of Zin.
  3992 | D:4      | Noticed an ogre
  4046 | D:3      | Killed a black bear
  4046 | D:3      | Reached *** piety under Lugonu
  4047 | D:3      | Reached skill level 7 in Invocations
  4047 | D:3      | Reached XP level 6. HP: 35/50 MP: 9/11
  4237 | D:4      | Reached skill level 8 in Invocations
  4237 | D:4      | Gained mutation: You curl defensively after being hit.
                  | [Palentonga growth]
  4237 | D:4      | Reached XP level 7. HP: 13/55 MP: 11/13
  4383 | D:5      | Entered Level 5 of the Dungeon
  4411 | D:5      | Reached skill level 3 in Axes
  4509 | D:5      | Reached skill level 4 in Axes
  4513 | D:5      | Reached skill level 5 in Axes
  4762 | D:5      | Reached skill level 6 in Axes
  4840 | D:5      | Found Koecenic's Antique Armour Emporium.
  4864 | D:5      | Reached XP level 8. HP: 53/62 MP: 14/14
  5057 | D:5      | Reached skill level 7 in Axes
  5588 | D:6      | Reached skill level 8 in Axes
  5895 | D:6      | Found an ancient bone altar of Kikubaaqudgha.
  6064 | D:6      | Reached skill level 9 in Axes
  6213 | D:6      | Found a shimmering blue altar of Sif Muna.
  6467 | D:6      | Found a runed translucent door.
  6468 | D:6      | Noticed Crazy Yiuf
  6561 | D:7      | Reached XP level 9. HP: 65/67 MP: 15/15
  6665 | D:7      | Reached skill level 10 in Axes
  6780 | D:7      | Reached skill level 1 in Dodging
  6828 | D:7      | Reached skill level 2 in Armour
  6962 | D:7      | Found a basalt altar of Yredelemnul.
  6968 | D:7      | Reached skill level 2 in Dodging
  6994 | D:7      | Reached skill level 4 in Fighting
  7326 | D:7      | Reached **** piety under Lugonu
  7327 | D:7      | Reached skill level 3 in Armour
  7635 | D:8      | Reached skill level 3 in Dodging
  7921 | D:8      | Reached XP level 10. HP: 61/77 MP: 16/16
  8319 | D:9      | Reached skill level 5 in Fighting
  8634 | D:9      | Found a staircase to the Lair.
  8640 | D:9      | Noticed an orange crystal statue
  8680 | D:9      | Reached skill level 11 in Axes
  8920 | D:9      | Found a staircase to the Orcish Mines.
  8933 | D:9      | Reached skill level 4 in Armour
  9413 | D:10     | Entered Level 10 of the Dungeon
  9727 | D:10     | Reached skill level 4 in Dodging
  9740 | D:10     | Found a broken altar of Ashenzari.
  9755 | D:10     | Found an ornate altar of the Wu Jian Council.
 10104 | D:10     | Reached skill level 6 in Fighting
 10269 | D:10     | Reached ***** piety under Lugonu
 11143 | D:11     | Noticed a manticore
 11145 | D:11     | Banished a manticore
 11205 | D:11     | Noticed a manticore
 11228 | D:11     | Killed a manticore
 11229 | D:11     | Reached skill level 5 in Armour
 11259 | D:11     | Found a flagged portal.
 11286 | Bailey   | Entered a bailey
 11375 | Bailey   | Reached skill level 5 in Dodging
 11375 | Bailey   | Reached XP level 11. HP: 78/88 MP: 17/17
 11547 | D:11     | Identified +0 acid dragon scales
 11672 | D:11     | Noticed a two-headed ogre
 11683 | D:11     | Killed a two-headed ogre
 11725 | D:11     | Noticed a skeletal warrior
 11736 | D:11     | Banished a skeletal warrior
 11737 | D:11     | Reached skill level 7 in Fighting
 11776 | D:11     | Noticed a skeletal warrior
 11784 | D:11     | Noticed a skeletal warrior
 11784 | D:11     | Noticed a skeletal warrior
 11917 | D:10     | Noticed a two-headed ogre
 11923 | D:10     | Killed a two-headed ogre
 11983 | Lair:1   | Entered Level 1 of the Lair of Beasts
 12079 | Lair:1   | Reached skill level 12 in Axes
 12211 | Lair:1   | Reached skill level 6 in Armour
 12240 | Lair:1   | Noticed an oklob plant
 12241 | Lair:1   | Noticed an oklob plant
 12407 | Lair:1   | Reached skill level 6 in Dodging
 12480 | Lair:1   | Noticed a seven-headed hydra
 12554 | Lair:1   | Banished a seven-headed hydra
 12555 | Lair:1   | Reached skill level 8 in Fighting
 12785 | Lair:1   | Identified a +2 robe of the Archmagi
 12785 | Lair:1   | Noticed Nergalle
 12807 | Lair:1   | Killed Nergalle
 13006 | Lair:1   | Noticed an oklob plant
 13006 | Lair:1   | Noticed an oklob plant
 13102 | Lair:2   | Reached XP level 12. HP: 73/100 MP: 18/18
 13259 | Lair:2   | Found a staircase to the Snake Pit.
 13663 | Lair:2   | Reached skill level 7 in Armour
 13746 | Lair:2   | HP: 10/100 [black mamba (10)]
 13941 | Lair:2   | Reached skill level 7 in Dodging
 14001 | Lair:2   | Noticed a five-headed hydra
 14031 | Lair:2   | Reached skill level 9 in Fighting
 14229 | Lair:2   | Found a staircase to the Swamp.
 14313 | Lair:2   | Reached skill level 13 in Axes
 14861 | Lair:2   | Banished a five-headed hydra
 15282 | Lair:3   | Reached skill level 8 in Armour
 15701 | Lair:4   | Noticed a boulder beetle
 15713 | Lair:4   | Killed a boulder beetle
 15789 | Lair:4   | Reached skill level 8 in Dodging
 15837 | Lair:4   | Reached XP level 13. HP: 93/110 MP: 19/19
 15995 | Lair:4   | Reached skill level 10 in Fighting
 17552 | Lair:5   | Found a runed translucent door.
 17552 | Lair:5   | Identified the +7 spear "Piofiygh" {elec, *Rage +Rage rElec
                  | Int+3}
 17554 | Lair:5   | Noticed MajorAdolf's ghost (journeyman NaWn)
 17684 | Lair:5   | Found a viscous altar of Jiyva.
 17684 | Lair:5   | Found a staircase to the Slime Pits.
 17853 | Lair:5   | Reached skill level 9 in Invocations
 18055 | Lair:5   | Banished MajorAdolf's ghost
 18154 | Lair:5   | Identified the +0 plate armour of Inaction {-Tele rElec
                  | rPois rN+}
 18197 | Lair:6   | Entered Level 6 of the Lair of Beasts
 18320 | Lair:6   | Noticed Josephine
 18333 | Lair:6   | HP: 11/111 [seven-headed hydra (2)]
 18333 | Lair:6   | HP: 5/111 [seven-headed hydra (6)]
 18334 | Abyss:1  | HP: 2/111 [poisoned by a black mamba]
 18335 | Abyss:1  | Found a corrupted altar of Lugonu.
 18353 | Abyss:1  | HP: 5/111 [sixfirhy (12)]
 18357 | Abyss:1  | HP: 1/111 [sixfirhy (11)]
 18357 | Abyss:1  | Mangled by a sixfirhy

Vanquished Creatures
  A boulder beetle (Lair:4)
  A catoblepas (Lair:5)
  2 two-headed ogres
  Nergalle (Lair:1)
  2 bog bodies (Lair:2)
  A manticore (D:11)
  9 elephants
  6 black mambas
  A torpor snail (Lair:1)
  9 cane toads
  3 rime drakes
  7 komodo dragons
  3 polar bears
  2 trolls (D:10)
  19 blink frogs
  3 dream sheep (Lair:1)
  A water elemental (D:11)
  3 wyverns
  28 yaks
  A wraith (Lair:6)
  2 steam dragons (D:8)
  2 basilisks
  2 nagas (Lair:2)
  2 swamp worms (Lair:2)
  2 acid dragons
  13 water moccasins
  2 ice beasts
  3 black bears
  4 hornet zombies (D:7)
  7 orc warriors
  12 wolves (Lair:2)
  6 ogres
  A boggart (Lair:5)
  8 centaurs
  A kobold brigand (D:6)
  2 scorpions
  14 bullfrogs
  A water moccasin zombie (D:7)
  A water moccasin skeleton (D:7)
  12 killer bees
  3 howler monkeys
  13 wights
  15 electric eels
  A centaur zombie (D:7)
  2 bullfrog zombies (D:7)
  2 jellies
  5 orc priests
  A gnoll shaman (D:6)
  5 hounds
  2 centaur skeletons (D:7)
  3 iguanas
  10 orc wizards
  4 hell rats (Lair:4)
  A hound zombie (D:5)
  A howler monkey zombie (D:7)
  A howler monkey skeleton (D:5)
  14 gnolls
  6 adders
  A shadow imp (D:6)
  A white imp (D:6)
  2 adder skeletons
  A worm (D:2)
  2 dart slugs
  40 orcs
  A bat zombie (D:1)
  10 endoplasms
  A giant cockroach (D:4)
  18 goblins
  11 hobgoblins
  3 jackals (D:1)
  6 kobolds
  3 quokkas
  7 ball pythons
  A ball python zombie (D:1)
  6 bats
  A frilled lizard (D:2)
  9 rats
413 creatures vanquished.

Vanquished Creatures (others)
  45 fungi
  51 plants
96 creatures vanquished.

Grand Total: 509 creatures vanquished
